 Dungeon Crawl Stone Soup version 0.13.1-27-ga479965 (webtiles) character file.

269 Chiseanne the Ducker (level 5, -2/40 HPs)
             Began as a Demigod Transmuter on Jan 28, 2014.
             Killed from afar by an orc wizard (7 damage)
             ... with a magic dart
             ... on Level 3 of the Dungeon.
             The game lasted 00:07:36 (2527 turns).

Chiseanne the Ducker (Demigod Transmuter)           Turns: 2527, Time: 00:07:36

HP  -2/40        AC  2     Str 13      XL: 5   Next:  2%
MP   4/12        EV 22     Int 19      God:
Gold 103         SH  0     Dex 22      Spells:  2 memorised,  5 levels left

Res.Fire  : . . .   See Invis. : +   v - melded +1,+2 orc flail (crush)
Res.Cold  : . . .   Warding    : .   l - melded +2 robe
Life Prot.: . . .   Conserve   : .   (shield currently unavailable)
Res.Poison: x       Res.Corr.  : .   (helmet currently unavailable)
Res.Elec. : .       Clarity    : .   (cloak currently unavailable)
Sust.Abil.: . .     Spirit.Shd : .   (gloves currently unavailable)
Res.Mut.  : .       Stasis     : .   (boots currently unavailable)
Res.Rott. : .       Flight     : .   (no amulet)
Saprovore : . . .                    (no ring)
                                     i - ring of see invisible {unknown}

@: spider-form, very slightly contaminated, drained, quick, slightly resistant
to hostile enchantments, fairly stealthy
A: no striking features
a: End Transformation


You were on level 3 of the Dungeon.
You were near starving.
You were in spider-form.
You visited 1 branch of the dungeon, and saw 3 of its levels.

You collected 83 gold pieces.

Inventory:

Hand weapons
 v - a +1,+2 orcish flail of crushing (melded)
Missiles
 b - 12 arrows
 c - 9 javelins
Armour
 l - a +2 robe (melded)
Comestibles
 a - 3 bread rations
 n - 9 strawberries
 t - a meat ration
Scrolls
 f - a scroll of blinking {unknown}
 k - 3 scrolls of teleportation {unknown}
 o - 5 scrolls of identify {unknown}
 p - a scroll of enchant weapon I {unknown}
 q - a scroll of enchant armour {unknown}
 s - 3 scrolls of recharging {unknown}
Jewellery
 i - a ring of see invisible (left front leg) {unknown}
Potions
 h - a potion of curing
 j - a potion of agility {unknown}
 m - a potion of confusion {unknown}
 r - a potion of might {unknown}
Books
 d - a book of Changes

   Spells                             Type                      Level
   *Beastly Appendage                 Transmutation                1
   Sticks to Snakes                   Transmutation                2
   *Spider Form                       Transmutation/Poison         3
   Ice Form                           Ice/Transmutation            4
   Blade Hands                        Transmutation                5


   Skills:
 * Level 1.5(1.4) Fighting
 * Level 3.2(3.1) Dodging
 - Level 2.6(2.5) Unarmed Combat
 * Level 2.8(2.7) Spellcasting
 * Level 2.9(2.8) Transmutations


You had 5 spell levels left.
You knew the following spells:

 Your Spells              Type           Power        Failure   Level  Hunger
a - Beastly Appendage     Trmt           ##....       17%         1    None
b - Spider Form           Trmt/Pois      #.........   50%         3    ###....


Dungeon Overview and Level Annotations

Branches:
Dungeon (3/27)


Message History

You feel yourself speed up.
The orc wizard points at you and mumbles some strange words.
You resist.
The orc wizard casts a spell.
The orc wizard seems to speed up.
Casting: Spider Form
Confirm with . or Enter, or press ? or * to list all spells.
You turn into a venomous arachnid creature.
Your uncursed orcish flail of crushing melds into your body.
Your +2 robe melds into your body.
You are near starving!
The orc wizard mumbles some strange words.
The orc wizard blinks!
There is an open door here.
The orc wizard gestures at you while chanting.
The magic dart hits you!
* * * LOW HITPOINT WARNING * * *
The orc wizard gestures at you while chanting.
The magic dart hits you!
You die...

####### ......### ##########
......'.#####........#### ####
......#....##........'.o######...
...)..####..'...s....##..o.g.'.(.
......# ####........#########...
<.....# #........# #... ##'####
#........# #... ### #........#
#... ###+###### ###' #####..
#.)...# ###+##### ##)#####


You could see an orc wizard.

Vanquished Creatures
  An ogre (D:3)
  An orc wizard (D:3)
  An adder (D:2)
  A worm (D:3)
  2 giant geckos
  6 orcs (D:3)
  3 hobgoblins
  3 jackals (D:1)
  A quokka (D:2)
  5 bats
  A giant newt (D:2)
  4 goblins
  8 kobolds
  4 rats
41 creatures vanquished.

Notes
Turn   | Place    | Note
--------------------------------------------------------------
     0 | D:1      | Chiseanne, the Demigod Transmuter, began the quest for the Orb.
     0 | D:1      | Reached XP level 1. HP: 16/16 MP: 3/3
   838 | D:1      | Reached XP level 2. HP: 18/23 MP: 3/5
  1288 | D:2      | Reached skill level 1 in Fighting
  1646 | D:2      | Reached XP level 3. HP: 25/28 MP: 7/7
  1653 | D:2      | Learned a level 3 spell: Spider Form
  1841 | D:3      | Noticed an ogre
  1860 | D:3      | Killed an ogre
  1860 | D:3      | Reached skill level 3 in Dodging
  1860 | D:3      | Reached XP level 4. HP: 35/35 MP: 7/10
  2270 | D:3      | Found a shimmering altar of Xom.
  2272 | D:3      | Paralysed by a potion of paralysis for 3 turns
  2484 | D:3      | Reached XP level 5. HP: 9/40 MP: 10/12
  2527 | D:3      | Killed from afar by an orc wizard

Action                   |  1- 3 |  4- 6 || total
-------------------------+-------+-------++-------
Melee: Unarmed           |    30 |     1 ||    31
       Dagger            |    51 |    11 ||    62
       Flail             |       |    12 ||    12
Throw: Javelin           |       |    12 ||    12
       Dagger            |       |     2 ||     2
 Cast: Beastly Appendage |    16 |     5 ||    21
       Spider Form       |     1 |     2 ||     3
  Use: Potion            |     2 |     2 ||     4
